AoeStats
← INK | Norian

Oasis

507349994Analyzed
4v4 RM · 14d ago on Sep 17, 2026· 46m 1s· 8 players
Game mode
Random Map
Map size
Large (8 player)
Population
200
Speed
Normal
Resources
Standard
Victory
Conquest
Starting age
Dark Age
Ending age
Imperial Age
RankedLock teamsTeams togetherTeam positionsShared explorationLock speedFull tech treeHidden civsTurbo modeCheats
Victory
Defeat
🇦🇷 Poles · Argentina
1507
+13
🇦🇷 Burmese · Argentina
1421
+17
🇦🇷 Malians · Argentina
1366
+19
🇲🇽 Lithuanians · Mexico
1295
+22
🇭🇺 Aztecs · Hungary
1598
-24
🇿🇦 Vietnamese · South Africa
1424
-17
🇮🇹 Bengalis · Italy
1423
-17
🇭🇺 Hindustanis · Hungary
1308
-13
Ser_0
8:59 Feudal Age
8:29 Loom
10:01 Double-Bit Axe
11:14 Horse Collar
15:57 Scale Barding Armor
19:24 Wheelbarrow
20:27 Forging
25:02 Castle Age
23:14 Stone Mining
23:56 Bloodlines
24:35 Fletching
25:02 Gold Mining
25:30 Light Cavalry
26:09 Bodkin Arrow
27:48 Chain Barding Armor
27:31 Padded Archer Armor
29:01 Gold Shaft Mining
29:42 Bow Saw
31:02 Leather Archer Armor
32:14 Iron Casting
34:37 Ballistics
34:49 Hand Cart
34:50 Town Watch
39:40 Imperial Age
37:50 Masonry
37:21 Treadmill Crane
43:26 Bracer
[H] Blabla
6:06 Loom
8:59 Feudal Age
9:34 Double-Bit Axe
12:24 Fletching
22:13 Castle Age
20:18 Horse Collar
23:08 Bow Saw
22:22 Crossbowman
24:24 Bodkin Arrow
25:51 Wheelbarrow
25:09 Gold Mining
26:09 Padded Archer Armor
30:06 Stone Mining
31:25 Fortified Wall
35:33 Heavy Plow
39:32 Imperial Age
38:18 Caravan
40:23 Eagle Warrior
41:04 Squires
40:49 Arson
41:21 Elite Eagle Warrior
42:01 Scale Mail Armor
42:12 Forging
43:24 Chain Mail Armor
44:59 Plate Mail Armor
[H] Sir Benedict
9:14 Feudal Age
13:07 Horse Collar
15:37 Castle Age
14:33 Scale Barding Armor
15:31 Bloodlines
17:24 Forging
17:15 Double-Bit Axe
20:25 Bow Saw
20:41 Husbandry
20:49 Loom
21:45 Forging
27:04 Wheelbarrow
26:38 Heavy Plow
28:02 Chain Barding Armor
33:42 Imperial Age
33:18 Gold Mining
34:46 Iron Casting
34:12 Heavy Camel Rider
36:03 Plate Barding Armor
37:19 Pikeman
38:00 Squires
38:03 Scale Mail Armor
37:50 Light Cavalry
39:15 Masonry
39:17 Fortified Wall
40:16 Conscription
41:50 Siege Engineers
41:40 Fletching
42:51 Blast Furnace
41:45 Fletching
42:14 Crossbowman
44:11 Caravan
Nduku
6:40 Loom
8:59 Feudal Age
9:46 Town Watch
12:56 Double-Bit Axe
16:01 Fletching
24:43 Castle Age
23:09 Gold Mining
23:08 Horse Collar
24:55 Padded Archer Armor
24:56 Crossbowman
25:31 Bodkin Arrow
30:54 Ballistics
31:03 Bodkin Arrow
35:56 Leather Archer Armor
37:00 Wheelbarrow
39:53 Imperial Age
39:52 Thumb Ring
41:18 Bracer
40:52 Arbalester
Cure
6:24 Loom
9:05 Feudal Age
9:52 Double-Bit Axe
14:52 Wheelbarrow
16:58 Scale Barding Armor
19:32 Horse Collar
22:56 Castle Age
21:38 Bloodlines
22:19 Forging
22:07 Gold Mining
24:01 Chain Barding Armor
24:27 Heavy Plow
24:49 Bow Saw
25:42 Husbandry
28:31 Hand Cart
30:38 Iron Casting
31:13 Stone Mining
36:22 Imperial Age
36:33 Cavalier
37:49 Plate Barding Armor
42:00 Two-Man Saw
41:34 Crop Rotation
41:02 Light Cavalry
44:39 Conscription
45:25 Paladin
INK | Norian
5:56 Loom
8:54 Feudal Age
8:28 Loom
9:31 Double-Bit Axe
9:48 Horse Collar
17:58 Wheelbarrow
20:47 Castle Age
19:17 Forging
19:15 Gold Mining
19:46 Bloodlines
20:55 Scale Barding Armor
22:03 Husbandry
22:08 Town Watch
22:51 Bow Saw
22:15 Light Cavalry
26:14 Heavy Plow
26:44 Chain Barding Armor
31:45 Hand Cart
34:40 Imperial Age
34:48 Iron Casting
35:10 Stone Mining
36:46 Chemistry
36:48 Szlachta Privileges
36:33 Cavalier
39:15 Blast Furnace
39:54 Stone Shaft Mining
39:57 Fletching
41:08 Winged Hussar
42:21 Conscription
46:20 Bodkin Arrow
INK | Lactato
6:53 Loom
9:52 Feudal Age
10:35 Horse Collar
12:08 Town Watch
13:55 Fletching
17:31 Gold Mining
23:02 Castle Age
21:41 Padded Archer Armor
23:39 Bodkin Arrow
23:06 Crossbowman
25:41 Ballistics
28:08 Wheelbarrow
36:31 Imperial Age
38:28 Chemistry
37:30 Bracer
39:14 Gold Shaft Mining
38:29 Stone Mining
44:46 Conscription
INK | Moqui
4:21 Loom
6:33 Loom
9:16 Feudal Age
9:55 Double-Bit Axe
14:47 Fletching
18:12 Padded Archer Armor
20:27 Town Watch
23:34 Castle Age
24:06 Gold Mining
23:38 Crossbowman
24:14 Bodkin Arrow
27:15 Leather Archer Armor
28:12 Bow Saw
30:26 Stone Mining
31:15 Wheelbarrow
37:04 Thumb Ring
40:17 Imperial Age
40:55 Ballistics
40:31 Arbalester
41:48 Ring Archer Armor
42:18 Conscription
44:08 Hand Cart
44:57 Scale Barding Armor
46:11 Bloodlines
46:22 Chain Barding Armor
Connection lost

Rejoining the realm…

Still unreachable

The connection could not be restored.

Session expired

The server has moved on; the page needs a fresh start.